 Dungeon Crawl Stone Soup version 0.30-a0-528-g8c47a4955b (webtiles) character file.

Game seed: 17413987362642674814

4000 bande the Cleaver (level 10, -5/60 HPs)
             Began as a Gargoyle Fighter on Dec 24, 2022.
             Was an Elder of Okawaru.
             Killed by divine providence
             ... invoked by an orc priest
              (11 damage)
             ... on level 8 of the Dungeon.
             The game lasted 00:16:09 (7407 turns).

bande the Cleaver (Gargoyle Fighter)                Turns: 7407, Time: 00:16:09

Health: -5/60      AC: 34    Str: 20    XL:     10   Next: 23%
Magic:  0/13       EV:  3    Int:  9    God:    Okawaru [****..]
Gold:   438        SH:  6    Dex: 19    Spells: 9/9 levels left

rFire   . . .      SeeInvis .    g - +4 war axe (flame)
rCold   . . .      Faith    .    c - +0 buckler
rNeg    + . .      Spirit   +    C - +0 crystal plate armour
rPois   ∞          Reflect  .    r - +0 helmet
rElec   +          Harm     .    A - +0 cloak
rCorr   .          Rampage  .    t - +0 pair of gloves
Will    .....                    n - +0 pair of boots Stlth
                                 f - amulet of guardian spirit
HPRegen 0.30/turn                o - +6 ring of dexterity
MPRegen 0.13/turn                G - +4 ring of protection

@: no status effects
A: sickness immunity, AC +7, negative energy resistance 1, electricity
resistance, torment resistance 1, petrification resistance
a: Renounce Religion, Heroism, Finesse


You were on level 8 of the Dungeon.
You worshipped Okawaru.
Okawaru was greatly pleased with you.
You visited 2 branches of the dungeon, and saw 9 of its levels.

You collected 438 gold pieces.

Inventory:

Hand Weapons
 a - a +0 war axe
 g - a +4 war axe of flaming (weapon)
Missiles
 z - 4 boomerangs (quivered)
Armour
 c - a +0 buckler (worn)
 m - a +0 scale mail of cold resistance
 n - a +0 pair of boots (worn)
 r - a +0 helmet (worn)
 t - a +0 pair of gloves (worn)
 A - a +0 cloak (worn)
 C - a +0 crystal plate armour (worn)
Jewellery
 e - a ring of protection from cold
 f - an amulet of guardian spirit (around neck)
 h - a ring of positive energy
 i - an amulet of reflection
 j - a +6 ring of intelligence
 k - a ring of protection from cold
 o - a +6 ring of dexterity (left hand)
 q - a +6 ring of dexterity
 E - a ring of wizardry
 G - a +4 ring of protection (right hand)
Wands
 y - a wand of flame (43)
 J - a wand of digging (4)
Scrolls
 v - a scroll of magic mapping
 w - a scroll of amnesia
 x - 3 scrolls of teleportation
 H - a scroll of identify
Potions
 b - 2 potions of heal wounds
 d - 2 potions of might
 l - a potion of flight
 p - a potion of berserk rage
 s - 6 potions of curing
 u - a potion of cancellation
 B - a potion of degeneration {unknown}
 D - 2 potions of resistance {unknown}
 F - a potion of mutation {unknown}
 I - 2 potions of brilliance {unknown}


   Skills:
 + Level 6.1 Fighting
 + Level 9.0 Axes
 + Level 6.9 Armour
 + Level 5.5 Shields
 * Level 5.1 Invocations
 * Level 4.2 Evocations


You had 9 spell levels left.
You didn't know any spells.
Your spell library contained the following spells:

 Spells                   Type           Power      Damage    Failure   Level
 Apportation              Tloc           0%         N/A       100%        1
 Beastly Appendage        Tmut           0%         N/A       100%        1
 Passwall                 Tmut/Erth      0%         N/A       100%        2
 Static Discharge         Conj/Air       0%         2-2/arc   100%        2
 Wereblood                Tmut           0%         N/A       100%        2
 Gell's Gravitas          Tloc           0%         N/A       100%        3
 Portal Projectile        Hex/Tloc       0%         N/A       100%        3
 Spider Form              Tmut/Pois      0%         N/A       100%        3
 Vhi's Electric Charge    Tloc/Air       0%         N/A       100%        3
 Leda's Liquefaction      Hex/Erth       0%         N/A       100%        4
 Alistair's Intoxication  Tmut/Pois      0%         N/A       100%        5
 Arcjolt                  Conj/Air       0%         1d10      100%        5
 Blade Hands              Tmut           0%         N/A       100%        5
 Lee's Rapid Deconstruct  Erth           0%         3d4*      100%        5
 Lightning Bolt           Conj/Air       0%         1d11      100%        5
 Iron Shot                Conj/Erth      0%         9d1       100%        6
 Animate Armour           Summ/Erth      Unusable   N/A       N/A         4

Dungeon Overview and Level Annotations

Branches:
Dungeon (8/15)             Temple (1/1) D:4
   Lair: D:8-11

Altars:
Ashenzari
Cheibriados
Dithmenos
Elyvilon
Gozag
Hepliaklqana
Makhleb
Nemelex Xobeh
Okawaru
Qazlal
Ru
Sif Muna
Trog
Uskayaw
Vehumet
Wu Jian
Yredelemnul
The Shining One

Annotations:
D:4 exclusion: statue


Innate Abilities, Weirdness & Mutations

You are immune to sickness and miasma.
Your stone body is resilient. (AC +7)
You are immune to poison.
You resist negative energy. (rN+)
You are resistant to electric shocks. (rElec)
You are resistant to unholy torment.
You are immune to petrification.


Message History

You kill the orc!
Okawaru accepts your kill.
You hit the two-headed ogre. You burn the two-headed ogre.
You block the two-headed ogre's attack.
The two-headed ogre hits you with a +0 giant club.
The orc priest calls down the wrath of Beogh upon you.
Beogh smites you!
The wight hits you with a +2 long sword.
You are too injured to fight recklessly!
You are too injured to fight recklessly!
Unknown command.
You slice the two-headed ogre!! You burn the two-headed ogre!
You kill the two-headed ogre!
Okawaru is honoured by your kill.
You can now speed up your combat.
You slash the wight! You burn the wight. You block the wight's attack.
An orc priest comes into view. It is wielding a +0 dagger.
Your Fighting skill increases to level 6!
Your Axes skill increases to level 9!
Your Invocations skill increases to level 5!
Unknown command.
The orc priest shouts!
You hit the orc priest. You burn the orc priest.
The orc priest is lightly wounded.
You hit the wight but do no damage. The orc priest hits you with a +0 club.
* * * LOW HITPOINT WARNING * * *
A magic dart appears from out of thin air!
The magic dart hits you but does no damage.
The orc priest invokes the aid of Beogh against you.
Beogh smites you!
* * * LOW HITPOINT WARNING * * *
The wight hits you with a +2 long sword.
* * * LOW HITPOINT WARNING * * *
Unknown command.
You slash the orc priest! You burn the orc priest.
You kill the orc priest!
Okawaru accepts your kill.
You hit the wight. You burn the wight. The wight hits you but does no damage.
The orc priest invokes the aid of Beogh against you.
Beogh smites you!
You die...

#......o.......
................
#...............
........#.......
#.......#.......
##....z#.#...#
.#.....)z....#
.....(.)@..#
............#
.....###....#
#... ###.## #..
## .. .


You could see 2 wights and an orc priest.

Vanquished Creatures
  2 two-headed ogres (D:8)
  Pikel (D:4)
  Prince Ribbit (D:6)
  A water moccasin (D:6)
  2 ice beasts
  A sky beast (D:7)
  2 black bears
  An orc warrior (D:7)
  2 ogres (D:4)
  A centaur (D:7)
  2 lemures (D:4)
  Blork the orc (D:5)
  5 bullfrogs
  A necrophage (D:6)
  A scorpion (D:5)
  2 wights (D:8)
  A jelly (D:5)
  4 orc priests
  2 hounds
  2 gnoll boudas
  4 iguanas
  Jessica (D:2)
  Terence (D:2)
  4 orc wizards
  Robin (D:2)
  6 gnolls
  5 adders
  2 ufetubi
  4 worms
  4 dart slugs
  22 orcs
  5 bats
  5 endoplasms
  5 giant cockroaches
  13 goblins
  15 hobgoblins
  2 quokkas
  7 ball pythons
  4 frilled lizards
  2 kobolds (D:1)
  6 rats
153 creatures vanquished.

Notes
Turn   | Place    | Note
-------+----------+-------------------------------------------
     0 | D:1      | bande the Gargoyle Fighter began the quest for the Orb.
     0 | D:1      | Reached XP level 1. HP: 14/14 MP: 1/1
   201 | D:1      | Reached skill level 2 in Axes
   201 | D:1      | Reached XP level 2. HP: 19/19 MP: 2/2
   907 | D:2      | Noticed Robin
   911 | D:2      | Reached XP level 3. HP: 24/24 MP: 3/3
   919 | D:2      | Killed Robin
  1009 | D:2      | Identified a scroll of acquirement
  1009 | D:2      | Acquired a +4 war axe of venom
  1075 | D:2      | Noticed Jessica
  1077 | D:2      | Reached skill level 3 in Axes
  1077 | D:2      | Reached XP level 4. HP: 29/29 MP: 4/4
  1083 | D:2      | Killed Jessica
  1145 | D:2      | Got the Book of the Elliptic Lithosphere
  1864 | D:2      | Noticed Terence
  1874 | D:2      | Killed Terence
  1875 | D:2      | Reached XP level 5. HP: 7/33 MP: 1/5
  2190 | D:3      | Found a sacrificial altar of Ru.
  2288 | D:3      | Reached skill level 4 in Axes
  2384 | D:3      | Found a large runed translucent door.
  2385 | D:3      | Found a large runed translucent door.
  2423 | D:3      | Found a shadowy altar of Dithmenos.
  2761 | D:3      | Found an iron altar of Okawaru.
  2777 | D:3      | Found a hazy altar of Hepliaklqana.
  2823 | D:3      | Reached XP level 6. HP: 33/38 MP: 6/6
  3080 | D:4      | Found a staircase to the Ecumenical Temple.
  3083 | D:4      | Reached skill level 5 in Axes
  3092 | Temple   | Entered the Ecumenical Temple
  3173 | D:4      | Found a radiant altar of Vehumet.
  3416 | D:4      | Noticed a black bear
  3420 | D:4      | Reached XP level 7. HP: 33/44 MP: 4/7
  4166 | D:3      | Became a worshipper of Warmaster Okawaru
  4227 | D:5      | Entered Level 5 of the Dungeon
  4227 | D:5      | Noticed Pikel
  4254 | D:4      | Killed Pikel
  4254 | D:4      | Reached * piety under Okawaru
  4255 | D:4      | Reached skill level 6 in Axes
  4255 | D:4      | Reached skill level 5 in Armour
  4255 | D:4      | Reached skill level 1 in Invocations
  4255 | D:4      | Reached skill level 1 in Evocations
  4255 | D:4      | Reached XP level 8. HP: 17/48 MP: 3/9
  4534 | D:5      | Found an ornate altar of the Wu Jian Council.
  4794 | D:5      | Noticed Blork the orc
  4801 | D:5      | Killed Blork the orc
  4802 | D:5      | Reached skill level 5 in Fighting
  5135 | D:5      | Found a broken altar of Ashenzari.
  5216 | D:5      | Reached ** piety under Okawaru
  5217 | D:5      | Reached skill level 7 in Axes
  5681 | D:6      | Reached XP level 9. HP: 31/54 MP: 6/11
  5772 | D:6      | Noticed Prince Ribbit
  5794 | D:6      | Killed Prince Ribbit
  5865 | D:6      | Got Deilyibb's Encyclopedia of the Geologist
  6186 | D:7      | Reached skill level 5 in Shields
  6314 | D:7      | Acquired a +0 crystal plate armour
  6431 | D:7      | Reached skill level 8 in Axes
  6828 | D:8      | Noticed a two-headed ogre
  6841 | D:8      | Killed a two-headed ogre
  6841 | D:8      | Reached *** piety under Okawaru
  7182 | D:8      | Reached XP level 10. HP: 59/60 MP: 11/13
  7396 | D:8      | Noticed a two-headed ogre
  7405 | D:8      | Killed a two-headed ogre
  7405 | D:8      | Reached **** piety under Okawaru
  7406 | D:8      | Reached skill level 9 in Axes
  7406 | D:8      | Reached skill level 5 in Invocations
  7407 | D:8      | Killed from afar by an orc priest

Illustrated notes

Levels and vault maps discovered:
D:1:      elethiomel_arrival_infinity_welcomes_careful_drivers, layout_basic
D:2:      layout_basic, serial_rivers, chequers_serial_rivers_marsh,
          chequers_serial_rivers_micro_c, chequers_serial_rivers_micro_b,
          chequers_serial_rivers_micro_c, chequers_serial_rivers_small_b,
          uniq_terence, uniq_jessica, uniq_robin
D:3:      layout_basic, mainiacjoe_overflow_paths,
          nicolae_dithmenos_shadow_blocks, jmf_multi_god_temple2, minmay_cupped
D:4:      layout_loops_ring, vehumet_statue, minmay_temple_entry_glass,
          kennysheep_nub, minmay_distorted
D:5:      layout_loops_ring, amcnicky_altar_gilded,
          mainiacjoe_overflow_tiny_flanked, hangedman_decor_push,
          uniq_blork_the_orc, uniq_pikel
D:6:      layout_loops_cross, chequers_serial_rivers_micro_d,
          uniq_prince_ribbit1
D:7:      layout_basic
D:8:      layout_cave_pools, grunt_temple_overflow_open
Temple:   minmay_freezing_vapour_temple

Skill      XL: |  1  2  3  4  5  6  7  8  9 10 |
---------------+-------------------------------+-----
Axes           | 2 3 4 5 6 7 8 9 |  9.0
Fighting       | 4 5 6 |  6.1
Armour         | 4 5 6 |  6.9
Shields        | 4 5 |  5.5
Invocations    | 1 3 4 5 |  5.1
Evocations     | 1 2 3 4 |  4.2

Action                   |  1- 3 |  4- 6 |  7- 9 | 10-12 || total
-------------------------+-------+-------+-------+-------++-------
Melee: War axe           |    72 |   107 |   171 |    11 ||   361
  Use: Scroll            |     7 |     7 |     4 |       ||    18
Armor: Scale mail        |    30 |    11 |       |       ||    41
       Chain mail        |       |    38 |    95 |       ||   133
       Crystal plate arm |       |       |    39 |    15 ||    54
Dodge: Dodged            |    31 |    36 |    57 |     2 ||   126
Block: Buckler           |    17 |    31 |    54 |     2 ||   104

Table legend: (Time is in decaauts)
 A = Elapsed time spent in this place.
 B = Non-inter-level travel time spent in this place.
 C = Inter-level travel time spent in this place.
 D = Time resting spent in this place.
 E = Time spent auto-exploring this place.
 F = Levels seen in this place.
 G = Mean time per level.
                   A        B        C        D        E       F      G
               +--------+--------+--------+--------+--------+-----+--------+
         Total |   7519 |   7002 |    517 |   1284 |   4305 |   9 |  835.4 |
       Dungeon |   7488 |   6971 |    517 |   1284 |   4305 |   8 |  936.0 |
        Temple |     30 |     30 |      0 |      0 |      0 |   1 |   30.0 |
               +--------+--------+--------+--------+--------+-----+--------+

Top non-repeatable levels by time:
     D:2: 1571 daAuts
     D:7: 1219 daAuts
     D:4: 1027 daAuts
     D:1: 984 daAuts
     D:3: 928 daAuts
     D:5: 881 daAuts
     D:6: 834 daAuts
     D:8: 40 daAuts
  Temple: 30 daAuts
